 Dungeon Crawl Stone Soup version 0.17-a0-1691-g18a3847 (webtiles) character file.

302 DogShitOnMyToe the Grave Robber (level 6, 0/41 HPs)
             Began as a Demonspawn Necromancer on Aug 20, 2015.
             Slain by a gnoll
             ... wielding a +2 spear of piercing
              (2 damage)
             ... on level 4 of the Dungeon.
             The game lasted 00:07:09 (2608 turns).

DogShitOnMyToe the Grave Robber (DsNe)              Turns: 2608, Time: 00:07:10

Health: 0/41       AC:  4    Str:  8    XL:     6   Next: 14%
Magic:  4/9        EV: 12    Int: 18    God:
Gold:   184        SH:  0    Dex: 14    Spells: 3 memorised, 5 levels left

rFire  . . .     SeeInvis .     k - +2 dagger (venom)
rCold  . . .     Clarity  .     a - +0 robe
rNeg   . . .     SustAt   .     (no shield)
rPois  .         Gourm    .     (no helmet)
rElec  .         Spirit   .     (no cloak)
rCorr  .         Warding  .     m - +1 pair of gloves
rMut   .         Stasis   .     (no boots)
MR     .....                    (no amulet)
Stlth  ++........               (no ring)
                                (no ring)

@: not resistant to hostile enchantments, unstealthy
A: powered by death 1, rot immunity
a: no special abilities


You were on level 4 of the Dungeon.
You were not hungry.

You visited 1 branch of the dungeon, and saw 4 of its levels.

You collected 184 gold pieces.

Inventory:

Hand weapons
 h - a +0 whip
 k - a +2 dagger of venom (weapon)
Armour
 a - a +0 robe (worn)
 m - a +1 pair of gloves (worn)
Magical devices
 o - a wand of polymorph (8)
Scrolls
 i - 2 scrolls of identify {unknown}
 l - 3 scrolls of teleportation {unknown}
 n - 2 scrolls of immolation {unknown}
 r - a scroll of recharging {unknown}
 s - a scroll of enchant weapon {unknown}
 w - a scroll of remove curse {unknown}
Potions
 d - a potion of might
 e - 2 potions of invisibility {unknown}
 g - 5 potions of curing {unknown}
 j - 2 potions of agility {unknown}
 p - 2 potions of mutation {unknown}
 q - a potion of heal wounds {unknown}
 u - a potion of lignification {unknown}
 v - a potion of brilliance {unknown}
Books
 b - a book of Necromancy

   Spells                             Type                      Level
   a - Pain                           Necromancy                   1
   b - Animate Skeleton               Necromancy                   1
   c - Vampiric Draining              Necromancy                   3
   d - Regeneration                   Charms/Necromancy            3
   e - Animate Dead                   Necromancy                   4
   f - Control Undead                 Necromancy                   4
Comestibles
 c - 2 bread rations
 f - a chunk of flesh
 t - a slice of pizza


   Skills:
 - Level 1.7 Dodging
 - Level 1.7 Stealth
 + Level 2.5 Spellcasting
 + Level 7.9 Necromancy


You had 5 spell levels left.
You knew the following spells:

 Your Spells              Type           Power        Failure   Level  Hunger
a - Pain                  Necr           ####         1%          1    #......
b - Animate Skeleton      Necr           N/A          1%          1    #......
c - Vampiric Draining     Necr           ####......   1%          3    ###....


Dungeon Overview and Level Annotations

Branches:
Dungeon (4/15)
 Temple: D:4-7

Altars:
Makhleb
Trog
Vehumet
Xom
Zin

Shops:
D:4 [


Innate Abilities, Weirdness & Mutations

You regenerate a little health from kills.
You are immune to rotting.


Message History

You feel less regenerative. The gnoll closely misses you.
Casting: Pain
Confirm with . or Enter, or press ? or * to list all spells.
Aiming: Pain
Press: ? - help, Shift-Dir - straight line, f/p - gnoll shaman
Aim: a gnoll shaman, wielding a whip and wearing a leather armour (moderately wounded, chance to defeat MR: 84%)
The gnoll barely resists.
The gnoll hits you with a flail!
The gnoll hits you from afar with a spear of piercing!
* * * LOW HITPOINT WARNING * * *
x2 The gnoll barely misses you.
Casting: Pain
Confirm with . or Enter, or press ? or * to list all spells.
Aiming: Pain
Press: ? - help, Shift-Dir - straight line, f/p - gnoll shaman
Aim: a gnoll shaman, wielding a whip and wearing a leather armour (moderately wounded, chance to defeat MR: 84%)
The gnoll shaman barely resists.
The gnoll hits you from afar with a spear of piercing.
* * * LOW HITPOINT WARNING * * *
You die...

### #..## #.....
#...... ###......
#[.....# ##....#
##.....# ##...@..##
##....g...##
#....gag...###..
##...........#...#
##................#
###.................#
##....................
#.....................
##..∩.................


You could see a gnoll shaman, a worker ant and 2 gnolls.

Vanquished Creatures
  2 centaurs (D:3)
  4 adders
  An ooze (D:1)
  5 worms
  A giant gecko (D:2)
  7 orcs (D:3)
  2 ball pythons
  11 bats
  2 giant cockroaches
  6 goblins
  6 hobgoblins
  3 jackals
  3 giant newts (D:2)
  4 kobolds
  13 rats
70 creatures vanquished.

Vanquished Creatures (collateral kills)
  An adder (D:2)
  A worm (D:2)
  4 orcs (D:3)
  A bat (D:2)
  2 goblins
  A quokka (D:2)
  2 kobolds (D:2)
12 creatures vanquished.

Grand Total: 82 creatures vanquished

Notes
Turn   | Place    | Note
--------------------------------------------------------------
     0 | D:1      | DogShitOnMyToe the Demonspawn Necromancer began the quest for the Orb.
     0 | D:1      | Reached XP level 1. HP: 13/13 MP: 3/3
   279 | D:1      | Reached skill level 5 in Necromancy
   279 | D:1      | Gained mutation: You regenerate a little health from kills. [demonic ancestry]
   279 | D:1      | Reached XP level 2. HP: 14/19 MP: 0/5
   311 | D:1      | Learned a level 1 spell: Animate Skeleton
   776 | D:2      | Gained mutation: You are immune to rotting. [demonic ancestry]
   776 | D:2      | Reached XP level 3. HP: 24/24 MP: 6/6
   781 | D:2      | Learned a level 3 spell: Vampiric Draining
   940 | D:2      | Reached skill level 6 in Necromancy
  1049 | D:2      | Reached XP level 4. HP: 22/30 MP: 7/7
  1290 | D:2      | Found a burning altar of Makhleb.
  1297 | D:2      | Found a shimmering altar of Xom.
  1455 | D:3      | Noticed a centaur
  1460 | D:3      | Found a bloodstained altar of Trog.
  1467 | D:3      | Killed a centaur
  1467 | D:3      | Reached skill level 7 in Necromancy
  1467 | D:3      | Reached XP level 5. HP: 25/35 MP: 1/8
  1576 | D:3      | Found a radiant altar of Vehumet.
  1866 | D:3      | Found a glowing silver altar of Zin.
  2408 | D:3      | Noticed a centaur
  2419 | D:3      | Killed a centaur
  2419 | D:3      | Reached XP level 6. HP: 15/41 MP: 9/9
  2433 | D:3      | You fall through a shaft!
  2436 | D:4      | Found Xeeju's Armour Shop.
  2608 | D:4      | HP: 2/41 [gnoll/spear of piercing (6)]
  2608 | D:4      | Slain by a gnoll

Vault maps used:
D:1:      minmay_arrival_nine_rooms
D:2:      amethyst_overflow_temple_binary
D:3:      wad_river_or_something, fiery_altar_vehumet, zin_academy,
          nicolae_overflow_crystal_walls, first_bread
D:4:      serial_shops, shop

Action                   |  1- 3 |  4- 6 || total
-------------------------+-------+-------++-------
Melee: Unarmed           |     1 |       ||     1
       Dagger            |    56 |   111 ||   167
       Whip              |    17 |       ||    17
 Cast: Pain              |    12 |     7 ||    19
       Animate Skeleton  |    13 |    18 ||    31
       Vampiric Draining |       |     2 ||     2
 Stab: Sleeping          |     2 |    10 ||    12
       Distracted        |     1 |     1 ||     2
  Eat: Chunk             |     1 |     5 ||     6
